SNL (28 & UNDER)
MONTGOMERY BISCUITS @ SANTA FE DIABLOS
04/17/2023
 
TOP OF THE 1ST
Montgomery Biscuits batting - Pitching for Santa Fe Diablos : RHP António Rijo
Pitching: RHP António Rijo
Batting: RHB Gabriel Miranda 0-0: Ball
1-0: Ball
2-0: Foul Ball, location: 2F
2-1: Called Strike
2-2: Fly out, F9 (Popup, 89S)
Batting: RHB Orlando Sánchez 0-0: Ball
1-0: Foul Ball, location: 2F
1-1: Called Strike
1-2: Ball
2-2: Foul Ball, location: 2F
2-2: Foul Ball, location: 2F
2-2: Strikes out swinging
Batting: LHB Ben Kelley 0-0: Called Strike
0-1: Swinging Strike
0-2: Foul Ball, location: 2F
0-2: Strikes out swinging
Top of the 1st over - 0 run(s), 0 hit(s), 0 error(s), 0 left on base; Montgomery 0 - Santa Fe 0
BOTTOM OF THE 1ST
Santa Fe Diablos batting - Pitching for Montgomery Biscuits : RHP Mitch Brown
Pitching: RHP Mitch Brown
Batting: RHB Henning Huisman 0-0: Called Strike
0-1: Called Strike
0-2: Ball
1-2: Ball
2-2: Strikes out swinging
Batting: RHB Robinson Pacheco 0-0: Called Strike
0-1: Foul Ball, location: 2F
0-2: Strikes out looking
Batting: RHB Sadayoshi Kato 0-0: Ball
1-0: Ball
2-0: Swinging Strike
2-1: Swinging Strike
2-2: Strikes out swinging
Bottom of the 1st over - 0 run(s), 0 hit(s), 0 error(s), 0 left on base; Montgomery 0 - Santa Fe 0
TOP OF THE 2ND
Montgomery Biscuits batting - Pitching for Santa Fe Diablos : RHP António Rijo
Batting: RHB Jean-Paul St-Pierre 0-0: Fly out, F3 (Line Drive, 34S)
Batting: RHB Dave Dawson 0-0: Ball
1-0: Fly out, F8 (Flyball, 8RS)
Batting: RHB Pete Smith 0-0: Ball
1-0: Called Strike
1-1: Ball
2-1: Foul Ball, location: 2F
2-2: Strikes out swinging
Top of the 2nd over - 0 run(s), 0 hit(s), 0 error(s), 0 left on base; Montgomery 0 - Santa Fe 0
BOTTOM OF THE 2ND
Santa Fe Diablos batting - Pitching for Montgomery Biscuits : RHP Mitch Brown
Batting: RHB Randy Sheppard 0-0: Called Strike
0-1: Ball
1-1: Foul Ball, location: 2F
1-2: Ground out 3-1 (Groundball, 34)
Batting: LHB Roberto Sandoval 0-0: Ground out 3-1 (Groundball, 34)
Batting: RHB Roberto Zamora 0-0: Ball
1-0: Ball
2-0: Ball
3-0: Base on Balls
Batting: RHB José Valdéz 0-0: Ball
1-0: Called Strike
1-1: Ball
2-1: Foul Ball, location: 2F
2-2: Reached on error, E5 (Groundball, 56S)
Roberto Zamora to second
Batting: RHB Ánibal Gonzáles 0-0: 3-RUN HOME RUN (Flyball, 8LXD), Distance : 432 ft
Batting: RHB Diego Francisco 0-0: SINGLE (Groundball, 5D)
Batting: RHB Henning Huisman 0-0: Ball
1-0: Ball
2-0: Swinging Strike
2-1: DOUBLE (Flyball, 8RXD)
Diego Francisco to third
Batting: RHB Robinson Pacheco 0-0: Ball
1-0: Called Strike
1-1: Ball
Wild Pitch!
Diego Francisco scores
Henning Huisman to third
2-1: Ball
3-1: Base on Balls
Batting: RHB Sadayoshi Kato 0-0: Ball
1-0: Foul Ball, location: 2F
1-1: Called Strike
1-2: Ball
2-2: SINGLE (Groundball, 34D)
Henning Huisman scores
Robinson Pacheco to second
Runner from 2nd tries for 3rd, SAFE, throw made to third
Batting: RHB Randy Sheppard 0-0: Ball
1-0: Called Strike
1-1: Ball
2-1: Fly out, F6 (Popup, 6MD)
Bottom of the 2nd over - 5 run(s), 4 hit(s), 1 error(s), 2 left on base; Montgomery 0 - Santa Fe 5
TOP OF THE 3RD
Montgomery Biscuits batting - Pitching for Santa Fe Diablos : RHP António Rijo
Batting: LHB António De Los Ángeles 0-0: Foul Ball, location: 2F
0-1: SINGLE (Line Drive, 9S)
Batting: SHB Andrew Curran 0-0: Called Strike
0-1: Grounds into double play, U4-3 (Groundball, 4M)
Batting: RHB Juan Flores 0-0: Called Strike
0-1: Ball
1-1: Foul Ball, location: 2F
1-2: Ball
2-2: Foul Ball, location: 2F
2-2: Reached on Error, E3 (Popup, 3)
Batting: RHB Gabriel Miranda 0-0: Fly out, F8 (Popup, 4MD)
Top of the 3rd over - 0 run(s), 1 hit(s), 1 error(s), 1 left on base; Montgomery 0 - Santa Fe 5
BOTTOM OF THE 3RD
Santa Fe Diablos batting - Pitching for Montgomery Biscuits : RHP Mitch Brown
Batting: LHB Roberto Sandoval 0-0: Called Strike
0-1: Ball
1-1: Ball
2-1: SINGLE (Line Drive, 34D)
Batting: RHB Roberto Zamora 0-0: Fly out, F4 (Popup, 4MD)
Batting: RHB José Valdéz 0-0: Ball
1-0: Foul Ball, location: 2F
1-1: Grounds into double play, 6-4-3 (Groundball, 6)
Bottom of the 3rd over - 0 run(s), 1 hit(s), 0 error(s), 0 left on base; Montgomery 0 - Santa Fe 5
TOP OF THE 4TH
Montgomery Biscuits batting - Pitching for Santa Fe Diablos : RHP António Rijo
Batting: RHB Orlando Sánchez 0-0: Called Strike
0-1: Bunted foul
0-2: Strikes out swinging
Batting: LHB Ben Kelley 0-0: Foul Ball, location: 2F
0-1: Swinging Strike
0-2: Foul Ball, location: 2F
0-2: Ball
1-2: Strikes out swinging
Batting: RHB Jean-Paul St-Pierre 0-0: Called Strike
0-1: Swinging Strike
0-2: Ball
1-2: Foul Ball, location: 2F
1-2: Strikes out swinging
Top of the 4th over - 0 run(s), 0 hit(s), 0 error(s), 0 left on base; Montgomery 0 - Santa Fe 5
BOTTOM OF THE 4TH
Santa Fe Diablos batting - Pitching for Montgomery Biscuits : RHP Mitch Brown
Batting: RHB Ánibal Gonzáles 0-0: Ball
1-0: Called Strike
1-1: Called Strike
1-2: Strikes out swinging
Batting: RHB Diego Francisco 0-0: Ball
1-0: Ball
2-0: Foul Ball, location: 2F
2-1: Ball
3-1: Base on Balls
Batting: RHB Henning Huisman 0-0: SINGLE (Line Drive, 3D)
Diego Francisco to second
Batting: RHB Robinson Pacheco 0-0: Foul Ball, location: 2F
0-1: Swinging Strike
0-2: Ball
1-2: Ball
2-2: SINGLE (Groundball, 6D)
Diego Francisco to third
Henning Huisman to second
Runner from 3rd tries for Home, SAFE, throw made home
Henning Huisman to third
Robinson Pacheco to second
Batting: RHB Sadayoshi Kato 0-0: Called Strike
0-1: Called Strike
0-2: Foul Ball, location: 2F
0-2: 3-RUN HOME RUN (Flyball, 7LD), Distance : 314 ft
Pitching: LHP Trevor Nichols
Batting: RHB Randy Sheppard 0-0: Called Strike
0-1: Ball
1-1: TRIPLE (Line Drive, 78M)
Batting: LHB Roberto Sandoval 0-0: Ball
1-0: Called Strike
1-1: Ball
2-1: SINGLE (Flyball, 78S)
Randy Sheppard scores
Batting: RHB Roberto Zamora 0-0: Called Strike
0-1: Ball
1-1: Grounds into double play, 6-4-3 (Groundball, 56)
Bottom of the 4th over - 5 run(s), 5 hit(s), 0 error(s), 0 left on base; Montgomery 0 - Santa Fe 10
TOP OF THE 5TH
Montgomery Biscuits batting - Pitching for Santa Fe Diablos : RHP António Rijo
Batting: RHB Dave Dawson 0-0: Called Strike
0-1: Ground out 5-3 (Groundball, 5S)
Batting: RHB Pete Smith 0-0: DOUBLE (Line Drive, 89XD)
Batting: LHB António De Los Ángeles 0-0: Ball
1-0: Called Strike
1-1: Foul Ball, location: 2F
1-2: Ball
2-2: Foul Ball, location: 2F
2-2: Strikes out looking
Batting: SHB Andrew Curran 0-0: Ball
1-0: Called Strike
1-1: SINGLE (Flyball, 9S)
Pete Smith to third
Runner from 3rd tries for Home, SAFE, no throw or cutoff
Batting: RHB Juan Flores 0-0: Called Strike
0-1: Fly out, F8 (Flyball, 8RD)
Top of the 5th over - 1 run(s), 2 hit(s), 0 error(s), 1 left on base; Montgomery 1 - Santa Fe 10
BOTTOM OF THE 5TH
Santa Fe Diablos batting - Pitching for Montgomery Biscuits : LHP Trevor Nichols
Batting: RHB José Valdéz 0-0: Ground out 2-3 (Groundball, 2R)
Batting: RHB Ánibal Gonzáles 0-0: Ball
1-0: DOUBLE (Line Drive, 7LS)
Batting: RHB Diego Francisco 0-0: Ball
1-0: Ground out 5-3 (Groundball, 5)
Batting: RHB Henning Huisman 0-0: Ball
1-0: Called Strike
1-1: Swinging Strike
1-2: Ground out 6-3 (Groundball, 6)
Bottom of the 5th over - 0 run(s), 1 hit(s), 0 error(s), 1 left on base; Montgomery 1 - Santa Fe 10
TOP OF THE 6TH
Montgomery Biscuits batting - Pitching for Santa Fe Diablos : RHP António Rijo
Batting: RHB Gabriel Miranda 0-0: Called Strike
0-1: Ball
1-1: Ground out 5-3 (Groundball, 5L)
Batting: RHB Orlando Sánchez 0-0: Swinging Strike
0-1: Foul Ball, location: 2F
0-2: Foul Ball, location: 2F
0-2: Ball
1-2: Foul Ball, location: 2F
1-2: Strikes out swinging
Batting: LHB Ben Kelley 0-0: Called Strike
0-1: Swinging Strike
0-2: Fly out, F7 (Flyball, 7M)
Top of the 6th over - 0 run(s), 0 hit(s), 0 error(s), 0 left on base; Montgomery 1 - Santa Fe 10
BOTTOM OF THE 6TH
Santa Fe Diablos batting - Pitching for Montgomery Biscuits : LHP Trevor Nichols
Batting: RHB Robinson Pacheco 0-0: Called Strike
0-1: Ball
1-1: Called Strike
1-2: Foul Ball, location: 2F
1-2: Ball
2-2: Ground out 6-3 (Groundball, 6)
Batting: RHB Sadayoshi Kato 0-0: Foul Ball, location: 2F
0-1: Ball
1-1: Ball
2-1: Called Strike
2-2: Fly out, F4 (Popup, 9LSF)
Batting: RHB Randy Sheppard 0-0: Ball
1-0: Called Strike
1-1: Swinging Strike
1-2: Strikes out swinging
Bottom of the 6th over - 0 run(s), 0 hit(s), 0 error(s), 0 left on base; Montgomery 1 - Santa Fe 10
TOP OF THE 7TH
Montgomery Biscuits batting - Pitching for Santa Fe Diablos : RHP António Rijo
Batting: RHB Jean-Paul St-Pierre 0-0: Ball
1-0: Ball
2-0: SINGLE (Groundball, 4MD)
Batting: RHB Dave Dawson 0-0: Grounds into double play, U4-3 (Groundball, 4M)
Batting: RHB Pete Smith 0-0: Ball
1-0: Called Strike
1-1: Foul Ball, location: 2F
1-2: SINGLE (Line Drive, 6M)
Pitching: RHP Raúl Gómez
Batting: LHB António De Los Ángeles 0-0: Ball
1-0: Called Strike
1-1: Ball
2-1: Ball
3-1: Foul Ball, location: 2F
3-2: Foul Ball, location: 2F
3-2: Foul Ball, location: 2F
3-2: Foul Ball, location: 2F
3-2: Fly out, F4 (Popup, 4)
Top of the 7th over - 0 run(s), 2 hit(s), 0 error(s), 1 left on base; Montgomery 1 - Santa Fe 10
BOTTOM OF THE 7TH
Santa Fe Diablos batting - Pitching for Montgomery Biscuits : LHP Trevor Nichols
Batting: LHB Roberto Sandoval 0-0: Ball
1-0: Fly out, F8 (Flyball, 8LM)
Pitching: RHP Daniel Rousseau
Batting: RHB Roberto Zamora 0-0: Ball
1-0: Called Strike
1-1: Ball
2-1: Ball
3-1: Base on Balls
Batting: RHB José Valdéz 0-0: Ball
Roberto Zamora steals 2nd base
1-0: Ball
2-0: Called Strike
2-1: Ball
3-1: Foul Ball, location: 2F
3-2: Base on Balls
Batting: RHB Ánibal Gonzáles 0-0: Ball
1-0: Grounds into double play, 6-4-3 (Groundball, 6)
Bottom of the 7th over - 0 run(s), 0 hit(s), 0 error(s), 1 left on base; Montgomery 1 - Santa Fe 10
TOP OF THE 8TH
Montgomery Biscuits batting - Pitching for Santa Fe Diablos : RHP Raúl Gómez
Batting: SHB Andrew Curran 0-0: Swinging Strike
0-1: Swinging Strike
0-2: Foul Ball, location: 2F
0-2: Ball
1-2: Foul Ball, location: 2F
1-2: Foul Ball, location: 2F
1-2: Ball
2-2: Ground out 4-3 (Groundball, 4)
Batting: RHB Juan Flores 0-0: Called Strike
0-1: SINGLE (Groundball, 56)
Batting: RHB Gabriel Miranda 0-0: Ball
1-0: Ball
2-0: Fly out, F5 (Line Drive, 56)
Batting: RHB Orlando Sánchez 0-0: Ball
1-0: Called Strike
1-1: Foul Ball, location: 2F
1-2: Ball
2-2: Ground out 6-3 (Groundball, 56)
Top of the 8th over - 0 run(s), 1 hit(s), 0 error(s), 1 left on base; Montgomery 1 - Santa Fe 10
BOTTOM OF THE 8TH
Santa Fe Diablos batting - Pitching for Montgomery Biscuits : RHP Daniel Rousseau
Batting: RHB Diego Francisco 0-0: Called Strike
0-1: Ball
1-1: Called Strike
1-2: Ball
2-2: Foul Ball, location: 2F
2-2: Ball
3-2: Strikes out swinging
Batting: RHB Henning Huisman 0-0: Ball
1-0: Ball
2-0: Foul Ball, location: 2F
2-1: Called Strike
2-2: Strikes out swinging
Batting: RHB Robinson Pacheco 0-0: Ball
1-0: SINGLE (Line Drive, 7LS)
Batting: RHB Sadayoshi Kato 0-0: Swinging Strike
0-1: Ball
1-1: Foul Ball, location: 2F
1-2: Ground out 4-3 (Groundball, 4)
Bottom of the 8th over - 0 run(s), 1 hit(s), 0 error(s), 1 left on base; Montgomery 1 - Santa Fe 10
TOP OF THE 9TH
Montgomery Biscuits batting - Pitching for Santa Fe Diablos : RHP Raúl Gómez
Batting: LHB Ben Kelley 0-0: Ball
1-0: Foul Ball, location: 2F
1-1: Ball
2-1: Ball
3-1: Foul Ball, location: 2F
3-2: Base on Balls
Batting: RHB Jean-Paul St-Pierre 0-0: Ball
1-0: Called Strike
1-1: Foul Ball, location: 2F
1-2: Strikes out looking
Batting: RHB Dave Dawson 0-0: Ball
1-0: Ball
2-0: Ball
3-0: Base on Balls
Ben Kelley to second
Batting: RHB Pete Smith 0-0: Ball
1-0: Called Strike
1-1: Foul Ball, location: 2F
1-2: Foul Ball, location: 2F
1-2: Foul Ball, location: 2F
1-2: Strikes out swinging
Batting: LHB António De Los Ángeles 0-0: Ball
1-0: Ball
2-0: Ball
3-0: Base on Balls
Ben Kelley to third
Dave Dawson to second
Batting: SHB Andrew Curran 0-0: Fly out, F7 (Flyball, 78D)
Top of the 9th over - 0 run(s), 0 hit(s), 0 error(s), 3 left on base; Montgomery 1 - Santa Fe 10
This league is powered by Out of the Park Baseball, the baseball management simulation game for PC, Mac and Linux
Wednesday, December 2nd, 2015 - OOTP Baseball 16.8 Build 38